 Dungeon Crawl Stone Soup version bcrawl-1.19.1 (webtiles) character file.

Game seed: 2692098185575675720

1942 JackS81 the Spear-Bearer (level 8, -1/59 HPs)
             Began as a Minotaur Archaeologist on Dec 1, 2019.
             Was a Believer of Okawaru.
             Slain by a tengu warrior
             ... wielding a +0 great sword
              (11 damage)
             ... on level 6 of the Dungeon.
             The game lasted 00:17:40 (5505 turns).

JackS81 the Spear-Bearer (Minotaur Archaeologist)   Turns: 5505, Time: 00:17:40

Health: -1/59      AC:  6    Str: 15    XL:     8   Next: 98%
Magic:  5/7        EV: 17    Int: 11    God:    Okawaru [**....]
Gold:   283        SH:  0    Dex: 12    Spells: 7/7 levels left

rFire    . . .     SeeInvis .   f - +13 scythe of Curses {drain, *Curse} (curse)
rCold    . . .     Gourm    .   (shield currently unavailable)
rNeg     . . .     Faith    .   b - +1 robe (curse)
rPois    .         Spirit   .   (helmet unavailable)
rElec    .         Reflect  .   (no cloak)
rCorr    .         Harm     .   (no gloves)
MR       .....                  d - +1 pair of boots (curse)
Stlth    ++++......             (no amulet)
HPRegen  0.19/turn              (no ring)
MPRegen  0.10/turn              (no ring)

@: heroism
A: retaliatory headbutt, horns 3, frail 1, subdued magic 1
a: Heroism, Renounce Religion


You were on level 6 of the Dungeon.
You worshipped Okawaru.
Okawaru was pleased with you.
You were not hungry.

You visited 2 branches of the dungeon, and saw 7 of its levels.
You also visited: Sewer.

You collected 283 gold pieces.

Inventory:

Hand Weapons
 a - a cursed +0 whip
 f - the cursed +13 scythe of Curses (weapon) {drain, *Curse} A truly terrible weapon, it drains the life of those it strikes. It curses itself when equipped. It has a curse placed upon it.
 q - a cursed +0 scythe
 s - a cursed +0 blowgun
Missiles
 t - 353 poisoned needles
Armour
 b - a cursed +1 robe (worn)
 c - a cursed +1 hat
 d - a cursed +1 pair of boots (worn)
Jewellery
 e - a cursed amulet of rage
Wands
 k - a wand of random effects (6)
 r - a wand of digging (8)
Scrolls
 i - a scroll of magic mapping {unknown}
 j - 7 scrolls of teleportation
 l - 2 scrolls of identify
 n - a scroll of enchant weapon {unknown}
 o - 3 scrolls of remove curse {unknown}
 p - a scroll of noise {unknown}
Potions
 h - 2 potions of cancellation
 m - 3 potions of curing
 u - a potion of lignification
 v - 2 potions of flight
 w - 2 potions of might {unknown}
Comestibles
 g - 5 rations {!d}
 x - a chunk of flesh


   Skills:
 + Level 4.1(9.1) Fighting
 - Level 7.2(12.2) Maces & Flails
 * Level 11.6(16.6) Polearms
 * Level 3.0(8.0) Armour
 + Level 4.0(9.0) Dodging
 - Level 2.6(7.6) Stealth


You had 7 spell levels left.
You didn't know any spells.
Your spell library was empty.

Dungeon Overview and Level Annotations

Branches:
Dungeon (6/12)             Temple (1/1) D:4

Altars:
Ashenzari
Cheibriados
Dithmenos
Elyvilon
Gozag
Hepliaklqana
Kikubaaqudgha
Lugonu
Makhleb
Nemelex Xobeh
Okawaru
Qazlal
Ru
Trog
Vehumet
Wu Jian
Xom
Yredelemnul
Zin
The Shining One

Annotations:
D:3 1 runed translucent door, Quickbrownfox's ghost, amateur GrCj


Innate Abilities, Weirdness & Mutations

You reflexively headbutt those who attack you in melee.
You have a pair of large horns on your head.
You are frail. (-10% HP)
Your spells are a little easier to cast, but a little less powerful.


Message History

You kill the sky beast!
Okawaru is honoured by your kill.
Your Armour skill increases to level 3!
You start resting.
A tengu warrior comes into view. It is wielding a +0 great sword.
Found 21 gold pieces.
You start resting.
The tengu warrior is too close now for your liking.
A worker ant comes into view.
You gain the combat prowess of a mighty hero.
The tengu warrior hits you with a +0 great sword!!
* * * LOW HITPOINT WARNING * * *
The tengu warrior pecks you.
* * * LOW HITPOINT WARNING * * *
The tengu warrior claws you.
* * * LOW HITPOINT WARNING * * *
The worker ant twitches its antennae in your direction.
You closely miss the tengu warrior.
The tengu warrior hits you with a +0 great sword!
You die...

.# .# ..# ..# .. #.#
#.#### #.# ..... #.#
###.a# #.# #....#
#.# #@#.##
#.######Q#.#
#########....†.....#
.....<..Q#######.###
########.# #.# #.#
#.# #.# #.# #.# #.#
#.# #.#


You could see a tengu warrior and a worker ant.

Vanquished Creatures
  Sigmund (D:2)
  A wyvern (D:4)
  A hungry ghost (D:4)
  Edmund (D:4)
  A sky beast (D:6)
  A black bear (D:6)
  A phantom (D:4)
  3 ogres
  2 centaurs (D:5)
  A big kobold (Sewer)
  A scorpion (D:5)
  2 crimson imps (D:5)
  A bullfrog zombie (D:5)
  3 orc priests
  A hound (D:4)
  A jelly (D:5)
  2 orc wizards
  3 iguanas
  2 worker ants
  A hound skeleton (D:5)
  A howler monkey zombie (D:4)
  2 adders (D:5)
  A shadow imp (D:4)
  3 worms (D:2)
  2 dart slugs
  9 leopard geckos
  11 orcs
  10 giant cockroaches
  9 goblins
  11 hobgoblins
  8 jackals
  4 quokkas
  4 bats
  4 frilled lizards
  8 kobolds
  A quokka skeleton (D:4)
  13 rats
131 creatures vanquished.

Notes
Turn   | Place    | Note
-------+----------+-------------------------------------------
     0 | D:1      | JackS81 the Minotaur Archaeologist began the quest for the
                  | Orb.
     0 | D:1      | Reached XP level 1. HP: 16/16 MP: 0/0
   370 | D:1      | Reached XP level 2. HP: 23/23 MP: 1/1
   809 | D:2      | Found an ornate altar of the Wu Jian Council.
   813 | D:2      | Reached XP level 3. HP: 28/28 MP: 2/2
  1027 | D:2      | Noticed Sigmund
  1304 | D:3      | Noticed an ogre
  1381 | D:4      | Found a shimmering altar of Xom.
  1497 | D:3      | Reached XP level 4. HP: 35/35 MP: 3/3
  1510 | D:3      | Reached skill level 5 in Maces & Flails
  1529 | D:3      | Reached XP level 5. HP: 20/42 MP: 4/4
  1726 | D:3      | Found a runed translucent door.
  1727 | D:3      | Noticed Quickbrownfox's ghost (amateur GrCj)
  2127 | D:3      | Found a sacrificial altar of Ru.
  2371 | D:2      | Gained mutation: You are frail. (-10% HP) [potion of
                  | mutation]
  2371 | D:2      | Gained mutation: Your spells are a little easier to cast,
                  | but a little less powerful. [potion of mutation]
  2371 | D:2      | Gained mutation: You have a pair of large horns on your
                  | head. [potion of mutation]
  2376 | D:2      | Killed Sigmund
  2376 | D:2      | Reached XP level 6. HP: 45/45 MP: 5/5
  2405 | D:2      | Found a white marble altar of Elyvilon.
  2833 | D:2      | Reached skill level 1 in Polearms
  2950 | D:3      | Reached skill level 4 in Polearms
  3018 | D:4      | Noticed a hungry ghost
  3027 | D:4      | Killed a hungry ghost
  3027 | D:4      | Reached skill level 6 in Polearms
  3027 | D:4      | Reached XP level 7. HP: 51/51 MP: 6/6
  3054 | D:4      | Found a staircase to the Ecumenical Temple.
  3147 | D:4      | Noticed a wyvern
  3187 | D:4      | Reached skill level 7 in Polearms
  3353 | D:4      | Reached skill level 8 in Polearms
  3368 | Temple   | Entered the Ecumenical Temple
  3557 | Temple   | Became a worshipper of Warmaster Okawaru
  3740 | D:4      | Noticed Edmund
  3747 | D:4      | Killed Edmund
  3747 | D:4      | Reached skill level 9 in Polearms
  3886 | D:4      | Killed a wyvern
  3886 | D:4      | Reached * piety under Okawaru
  3886 | D:4      | Reached skill level 10 in Polearms
  3886 | D:4      | Reached XP level 8. HP: 56/56 MP: 7/7
  4158 | D:4      | Found a shadowy altar of Dithmenos.
  4200 | D:5      | Entered Level 5 of the Dungeon
  4301 | D:5      | Reached skill level 1 in Armour
  4486 | D:5      | Found a glowing drain.
  4495 | Sewer    | Entered a sewer
  4601 | Sewer    | Found a white marble altar of Elyvilon.
  4802 | D:5      | Reached skill level 11 in Polearms
  5051 | D:5      | Reached ** piety under Okawaru
  5463 | D:6      | Noticed a tengu warrior
  5505 | D:6      | Slain by a tengu warrior

Skill      XL: |  1  2  3  4  5  6  7  8 |
---------------+-------------------------+-----
Maces & Flails | 2 3 4 5 7 |  7.2
Fighting       | 2 3 4 |  4.1
Polearms       | 6 10 11 | 11.6
Armour         | 3 |  3.0
Dodging        | 4 |  4.0
Stealth        | |  2.6

Action                   |  1- 3 |  4- 6 |  7- 9 || total
-------------------------+-------+-------+-------++-------
Melee: Whip              |   134 |   119 |       ||   253
       Headbutt          |    20 |    18 |     8 ||    46
       Scythe            |       |       |    95 ||    95
Invok: Heroism           |       |       |     1 ||     1
Evoke: Wand              |       |     7 |       ||     7
  Use: Potion            |     3 |     2 |       ||     5
       Scroll            |       |       |     3 ||     3
 Stab: Sleeping          |     3 |     2 |     2 ||     7
  Eat: Chunk             |     1 |     6 |     4 ||    11
       Ration            |       |       |     1 ||     1
Armor: Robe              |    34 |    14 |    19 ||    67
Dodge: Dodged            |    94 |    65 |    60 ||   219
